 Dungeon Crawl Stone Soup version 0.27-a0-385-g3208abaabc (webtiles) character file.

Game seed: 11694833260419489463

45409 tilp the Martial Artist (level 14, 0/99 HPs)
             Began as an Octopode Transmuter on Feb 18, 2021.
             Was the Champion of Okawaru.
             Slain by a five-headed hydra (4 damage)
             ... on level 5 of the Lair of Beasts.
             The game lasted 00:53:35 (28994 turns).

tilp the Martial Artist (Octopode Transmuter)      Turns: 28994, Time: 00:53:35

Health: 0/99       AC:  7    Str:  6    XL:     14   Next: 33%
Magic:  21/23      EV: 21    Int: 24    God:    Okawaru [******]
Gold:   1218       SH:  6    Dex: 12    Spells: 2/25 levels left

rFire    . . .     SeeInvis .     - Unarmed
rCold    . . .     Faith    +   d - +1 buckler
rNeg     . . .     Spirit   .   J - +2 hat {Will+}
rPois    +         Reflect  .   I - amulet of faith
rElec    +         Harm     .   b - +4 ring of evasion
rCorr    +         Rampage  .   m - ring of poison resistance
Will     ++...                  f - +4 ring of protection
Stlth    +++++.....             j - ring "Osiecasmoc" {+Inv rElec rCorr Str-5 Int+5}
HPRegen  0.26/turn              (no ring)
MPRegen  0.18/turn              (no ring)
                                (no ring)
                                (no ring)

@: about to teleport
A: almost no armour, stealthy swim, amphibious, 8 rings, constrict 8, camouflage
1, gelatinous body 1
a: Renounce Religion, Evoke Invisibility, Heroism, Finesse


You were on level 5 of the Lair of Beasts.
You worshipped Okawaru.
Okawaru was exalted by your worship.
You visited 3 branches of the dungeon, and saw 17 of its levels.
You also visited: Sewer and Bailey.

You collected 1218 gold pieces.

Inventory:

Missiles
 l - 2 datura-tipped darts
 q - 15 boomerangs (quivered)
 r - 6 curare-tipped darts
Armour
 d - a +1 buckler (worn)
 J - a +2 hat of willpower (worn)
Magical Staves
 k - a staff of air
 v - a staff of conjuration
 O - a staff of cold
Jewellery
 b - a +4 ring of evasion (left tentacle)
 f - a +4 ring of protection (on tentacle)
 j - the ring "Osiecasmoc" (on tentacle) {+Inv rElec rCorr Str-5 Int+5}
   (You acquired it in a bailey)

   [ring of resist corrosion]

   It affects your strength (-5).
   It affects your intelligence (+5).
   It insulates you from electricity.
   It lets you turn invisible.
   It provides partial protection from all sources of acid and corrosion.
 m - a ring of poison resistance (right tentacle)
 y - an amulet of reflection
 I - an amulet of faith (around mantle)
Wands
 c - a wand of mindburst (12)
 C - a wand of paralysis (9)
 E - a wand of flame (19)
 K - a wand of charming (6)
 L - a wand of polymorph (11)
Scrolls
 e - 7 scrolls of enchant armour
 g - 6 scrolls of enchant weapon
 p - 3 scrolls of teleportation
 s - 5 scrolls of identify
 u - 2 scrolls of amnesia
 B - a scroll of fog
 N - a scroll of blinking
Potions
 a - 3 potions of heal wounds
 h - 2 potions of magic
 i - 5 potions of curing
 n - 3 potions of might
 o - 2 potions of haste
 t - 2 potions of brilliance
 w - 2 potions of mutation
 x - 3 potions of flight
 z - a potion of attraction
 A - a potion of invisibility
 D - a potion of cancellation
 H - 5 potions of ambrosia
 M - a potion of resistance
Miscellaneous
 P - a phial of floods


   Skills:
 - Level 10.0 Fighting
 - Level 8.0 Dodging
 - Level 8.0 Stealth
 - Level 4.0 Shields
 - Level 12.0 Unarmed Combat
 - Level 6.0 Spellcasting
 + Level 9.9 Transmutations
 - Level 6.0 Ice Magic
 - Level 6.0 Poison Magic
 - Level 8.0 Invocations
 - Level 6.0 Evocations


You had 2 spell levels left.
You knew the following spells:

 Your Spells              Type           Power        Failure   Level
a - Beastly Appendage     Tmut           100%         1%          1
b - Wereblood             Tmut           53%          1%          2
c - Spider Form           Tmut/Pois      22%          1%          3
d - Ice Form              Ice/Tmut       45%          3%          4
e - Blade Hands           Tmut           26%          3%          5
f - Poisonous Vapours     Pois/Air       42%          3%          2
g - Ignite Poison         Fire/Tmut/Pois 32%          2%          3
h - Corona                Hex            7%           8%          1
i - Ensorcelled Hibernat  Hex/Ice        42%          3%          2

Your spell library contained the following spells:

 Spells                   Type           Power        Failure   Level
 Sting                    Tmut/Pois      100%         1%          1
 Magic Dart               Conj           28%          8%          1
 Searing Ray              Conj           14%          12%         2
 Olgreb's Toxic Radiance  Pois           36%          7%          4
 Mephitic Cloud           Conj/Pois/Air  16%          11%         3
 Petrify                  Tmut/Erth      30%          11%         4
 Confusing Touch          Hex            7%           24%         3
 Dazzling Flash           Conj/Hex       14%          24%         3
 Gell's Gravitas          Tloc           3%           24%         3
 Tukima's Dance           Hex            7%           24%         3
 Yara's Violent Unravell  Hex/Tmut       15%          28%         5
 Metabolic Englaciation   Hex/Ice        10%          54%         5
 Fulminant Prism          Conj/Hex       3%           61%         4
 Iskenderun's Mystic Bla  Conj/Tloc      7%           61%         4
 Simulacrum               Ice/Necr       10%          98%         6
 Freezing Cloud           Conj/Ice/Air   8%           99%         6
 Ozocubu's Refrigeration  Ice            18%          99%         7


Dungeon Overview and Level Annotations

Branches:
Dungeon (10/15)            Temple (1/1) D:7            Lair (6/6) D:9
  Swamp (0/4) Lair:4       Spider (0/4) Lair:3        Slime (0/5) Lair:6
  Sewer (visited)          Bailey (visited)
    Orc: D:9-12

Altars:
Ashenzari
Cheibriados
Dithmenos
Elyvilon
Fedhas
Gozag
Hepliaklqana
Kikubaaqudgha
Makhleb
Nemelex Xobeh
Okawaru
Qazlal
Ru
Sif Muna
Trog
Uskayaw
Vehumet
Wu Jian
Xom
Yredelemnul
Zin
The Shining One

Shops:
D:4 (

Annotations:
D:7 1 runed translucent door, 1 exclusion, Crazy Yiuf, Dowan
D:8 exclusion: statue
D:10 unseen horror
Lair:4 exclusion: catoblepas


Innate Abilities, Weirdness & Mutations

You cannot wear most types of armour.
You are very stealthy in the water. (Stealth+)
You are amphibious.
You can wear up to eight rings at the same time.
You can use your tentacles to constrict eight enemies at once.
Your skin changes colour to match your surroundings (Stealth+).
Your rubbery body absorbs attacks. (AC +1, EV +1)


Message History

You hit the five-headed hydra. You freeze the five-headed hydra.
The five-headed hydra is heavily wounded.
The five-headed hydra is no longer moving slowly.
The five-headed hydra bites you! The five-headed hydra bites you. x2
The five-headed hydra completely misses you.
The five-headed hydra bites you!
You hit the five-headed hydra but do no damage.
The five-headed hydra is moderately wounded.
The five-headed hydra closely misses you.
The five-headed hydra bites you. The five-headed hydra bites you!
* * * LOW HITPOINT WARNING * * *
The five-headed hydra closely misses you. x2
You hit the five-headed hydra.
The five-headed hydra seems to slow down.
You freeze the five-headed hydra.
The five-headed hydra is heavily wounded.
You warm up again.
Your +2 hat of willpower unmelds from your body.
Your +1 buckler unmelds from your body.
You feel strong-willed.
The five-headed hydra is no longer moving slowly.
The five-headed hydra bites you but does no damage.
The five-headed hydra closely misses you.
The five-headed hydra bites you!
* * * LOW HITPOINT WARNING * * *
The five-headed hydra bites you.
* * * LOW HITPOINT WARNING * * *
The five-headed hydra closely misses you.
Okay, then.
As you read the scroll of teleportation, it crumbles to dust.
You feel strangely unstable.
The five-headed hydra barely misses you.
The five-headed hydra misses you. The five-headed hydra bites you!
* * * LOW HITPOINT WARNING * * *
You block the five-headed hydra's attack. x2
Unknown command.
You feel better. The five-headed hydra misses you.
The five-headed hydra bites you!
* * * LOW HITPOINT WARNING * * *
The five-headed hydra bites you.
You die...

...........≈≈≈≈≈≈≈≈≈≈#....#.P#.P#
...........≈≈≈≈.≈≈≈≈.≈..^......##
._......PP≈≈≈≈≈<≈≈≈≈≈..........##
........P..≈≈≈≈.≈≈≈≈≈..###......#
........#.≈≈≈≈≈≈≈≈≈≈≈#.####......
......#.P...≈≈≈≈≈≈≈..##.###......
...........≈.≈≈≈≈≈≈.#.#....P..>..
#.............≈≈≈.........P......
...............D@................
#.#.....................#........
####..............##.............
#.......P...#÷..........P.#...
##P...##...#.#.............#..
#P.........###................
##.....P......###............#.
#......#.P....##.........#.....
#......###....##......#........


You could see a five-headed hydra.

Vanquished Creatures
  A boulder beetle (Lair:3)
  4 hydras
  A catoblepas (Lair:4)
  A death yak (Lair:4)
  An orc high priest (Bailey)
  An orc knight (Bailey)
  An orb spider (Lair:3)
  2 black mambas
  15 elephants
  A centaur zombie (D:10)
  20 cane toads
  Maggie (D:6)
  4 rime drakes
  10 komodo dragons
  A kobold demonologist (Bailey)
  3 polar bears
  A queen bee (Lair:2)
  27 blink frogs
  A wyvern (Lair:2)
  41 yaks
  A basilisk (Lair:1)
  5 vampire mosquitoes
  Menkaure (D:7)
  10 water moccasins
  16 orc warriors
  A black bear (D:6)
  An ice beast (D:8)
  2 sky beasts
  6 ogres
  16 wolves
  3 phantoms
  7 centaurs
  Blork the orc (D:4)
  20 bullfrogs
  A kobold brigand (D:10)
  A gnoll sergeant (D:7)
  7 scorpions
  27 killer bees
  7 electric eels
  A howler monkey (D:8)
  A quasit (D:4)
  7 hounds
  3 bullfrog skeletons
  6 gnoll shamans (D:10)
  2 jellies (D:8)
  2 orc priests
  Ijyb (D:3)
  7 iguanas
  11 worker ants
  Natasha (D:2)
  4 orc wizards
  A killer bee zombie (D:9)
  A hound zombie (D:8)
  2 hound skeletons (D:6)
  A worker ant zombie (D:10)
  Robin (D:3)
  13 gnolls
  A howler monkey skeleton (D:6)
  11 adders
  3 river rats (D:3)
  A shadow imp (D:8)
  4 ufetubi
  8 oozes (Sewer)
  A worm (D:6)
  3 dart slugs
  20 leopard geckos
  49 orcs
  16 giant cockroaches
  30 goblins
  17 hobgoblins
  7 jackals
  8 kobolds
  7 quokkas
  4 ball pythons
  6 bats
  8 frilled lizards
  4 rats
543 creatures vanquished.

Vanquished Creatures (others)
  2 bushes (Lair:6)
  54 fungi
  125 plants
181 creatures vanquished.

Grand Total: 724 creatures vanquished

Notes
Turn   | Place    | Note
-------+----------+-------------------------------------------
     0 | D:1      | tilp the Octopode Transmuter began the quest for the Orb.
     0 | D:1      | Reached XP level 1. HP: 13/13 MP: 3/3
    85 | D:1      | Reached skill level 1 in Stealth
   162 | D:1      | Reached XP level 2. HP: 8/18 MP: 5/5
   310 | D:1      | Learned a level 2 spell: Wereblood
   444 | D:1      | Reached skill level 1 in Shields
   797 | D:1      | Reached XP level 3. HP: 19/23 MP: 6/6
  1244 | D:1      | Learned a level 3 spell: Spider Form
  1358 | D:2      | Noticed Natasha
  1367 | D:2      | Killed Natasha
  1368 | D:2      | Reached XP level 4. HP: 28/28 MP: 5/7
  1565 | D:2      | Found a broken altar of Ashenzari.
  2527 | D:2      | Found an opulent altar of Gozag.
  2831 | D:3      | Noticed Ijyb
  2842 | D:3      | Found a burning altar of Makhleb.
  2933 | D:3      | Noticed Robin
  2948 | D:3      | Reached XP level 5. HP: 30/34 MP: 5/8
  2977 | D:3      | Reached skill level 4 in Unarmed Combat
  2978 | D:3      | Found a glowing drain.
  2978 | D:3      | Found a faded altar of an unknown god.
  3015 | D:3      | Killed Robin
  3031 | Sewer    | Entered a sewer
  3240 | Sewer    | Reached XP level 6. HP: 38/41 MP: 6/9
  3343 | Sewer    | Reached skill level 5 in Unarmed Combat
  3377 | Sewer    | HP: 2/42 [leopard gecko (3)]
  3879 | D:3      | Reached XP level 7. HP: 46/46 MP: 8/10
  3997 | D:3      | Found a sparkling altar of Nemelex Xobeh.
  4465 | D:4      | Reached skill level 6 in Unarmed Combat
  4546 | D:4      | Noticed Blork the orc
  4552 | D:4      | Killed Blork the orc
  4629 | D:4      | Found a bloodstained altar of Trog.
  4756 | D:4      | Found a glowing silver altar of Zin.
  4757 | D:4      | Found a snail-covered altar of Cheibriados.
  4849 | D:4      | Found Icvestas's Antique Weapon Boutique.
  5030 | D:4      | Reached XP level 8. HP: 54/54 MP: 7/11
  5163 | D:5      | Entered Level 5 of the Dungeon
  5589 | D:5      | Reached skill level 7 in Unarmed Combat
  5855 | D:5      | Found a basalt altar of Yredelemnul.
  6122 | D:6      | Reached skill level 5 in Fighting
  6476 | D:6      | Noticed Maggie
  6620 | D:6      | Reached XP level 9. HP: 61/61 MP: 9/12
  6626 | D:6      | Reached skill level 5 in Dodging
  6833 | D:6      | Found a hide-covered altar of Uskayaw.
  7359 | D:6      | Killed Maggie
  7360 | D:6      | Reached skill level 8 in Unarmed Combat
  7360 | D:6      | Reached skill level 1 in Poison Magic
  7640 | D:7      | Found a staircase to the Ecumenical Temple.
  7655 | Temple   | Entered the Ecumenical Temple
  7788 | Temple   | Became a worshipper of Warmaster Okawaru
  8042 | D:7      | Found a runed translucent door.
  8043 | D:7      | Noticed Crazy Yiuf
  8126 | D:7      | Noticed Dowan
  8350 | D:7      | Noticed Menkaure
  8354 | D:7      | Killed Menkaure
  8517 | D:7      | Reached * piety under Okawaru
  9088 | D:8      | Found a radiant altar of Vehumet.
  9150 | D:8      | Reached XP level 10. HP: 63/68 MP: 16/16
  9154 | D:8      | Reached skill level 5 in Transmutations
  9243 | D:8      | Found an ornate altar of the Wu Jian Council.
  9342 | D:8      | Reached skill level 1 in Evocations
  9343 | D:8      | Reached skill level 1 in Invocations
  9717 | D:9      | Found an ancient bone altar of Kikubaaqudgha.
  9747 | D:9      | Found a stormy altar of Qazlal.
  9750 | D:9      | Found a flagged portal.
  9793 | Bailey   | Entered a bailey
 10291 | Bailey   | Reached ** piety under Okawaru
 10393 | Bailey   | Acquired the ring "Osiecasmoc" {+Inv rElec rCorr Str-5
                  | Int+5}
 10411 | Bailey   | Found an iron altar of Okawaru.
 10411 | Bailey   | Noticed a kobold demonologist
 10411 | Bailey   | Noticed an orc high priest
 10567 | Bailey   | Killed an orc high priest
 10587 | Bailey   | Learned a level 4 spell: Ice Form
 10667 | Bailey   | Noticed a sixfirhy
 10667 | Bailey   | Killed a kobold demonologist
 10668 | Bailey   | Reached skill level 1 in Ice Magic
 10805 | Bailey   | Reached *** piety under Okawaru
 10826 | Bailey   | Noticed an orc knight
 11284 | Bailey   | Killed an orc knight
 11293 | Bailey   | Reached XP level 11. HP: 68/72 MP: 17/17
 11544 | D:9      | Found a glowing golden altar of the Shining One.
 11562 | D:9      | Found a staircase to the Lair.
 11990 | D:10     | Entered Level 10 of the Dungeon
 12102 | D:10     | Reached skill level 9 in Unarmed Combat
 12604 | D:10     | Reached **** piety under Okawaru
 12693 | D:10     | Reached skill level 5 in Stealth
 13685 | D:10     | Reached skill level 5 in Invocations
 13838 | D:10     | Reached skill level 5 in Evocations
 14577 | D:3      | Killed Ijyb
 14781 | Lair:1   | Entered Level 1 of the Lair of Beasts
 14790 | Lair:1   | Reached ***** piety under Okawaru
 16249 | Lair:1   | Reached skill level 10 in Unarmed Combat
 16723 | Lair:1   | Reached XP level 12. HP: 50/79 MP: 14/18
 17213 | Lair:2   | Noticed a five-headed hydra
 17224 | Lair:2   | Killed a five-headed hydra
 18467 | Lair:2   | Received a gift from Okawaru
 19151 | Lair:3   | Noticed a five-headed hydra
 19157 | Lair:3   | Killed a five-headed hydra
 19169 | Lair:2   | Learned a level 5 spell: Blade Hands
 19722 | Lair:3   | Found a hide-covered altar of Uskayaw.
 19723 | Lair:3   | Found an ornate altar of the Wu Jian Council.
 19723 | Lair:3   | Noticed a boulder beetle
 19740 | Lair:3   | Killed a boulder beetle
 20150 | Lair:3   | Reached skill level 11 in Unarmed Combat
 21054 | Lair:3   | Found a hole to the Spider Nest.
 21461 | Lair:3   | Reached XP level 13. HP: 88/88 MP: 15/19
 21754 | Lair:4   | Reached skill level 12 in Unarmed Combat
 22374 | Lair:4   | Reached ****** piety under Okawaru
 22581 | Lair:4   | Found a staircase to the Swamp.
 22709 | Lair:4   | Learned a level 2 spell: Poisonous Vapours
 22713 | Lair:4   | Learned a level 3 spell: Ignite Poison
 22975 | Lair:4   | Received a gift from Okawaru
 23816 | Lair:5   | Reached skill level 10 in Fighting
 24669 | Lair:5   | Learned a level 1 spell: Corona
 25202 | Lair:5   | Found a snail-covered altar of Cheibriados.
 25713 | Lair:6   | Entered Level 6 of the Lair of Beasts
 25713 | Lair:6   | Found a staircase to the Slime Pits.
 26286 | Lair:6   | Reached skill level 5 in Spellcasting
 26299 | Lair:6   | Received a gift from Okawaru
 26834 | Lair:5   | Reached skill level 5 in Poison Magic
 27148 | Lair:5   | Reached XP level 14. HP: 55/99 MP: 17/22
 27682 | Lair:6   | Received a gift from Okawaru
 27822 | Lair:6   | Reached skill level 5 in Ice Magic
 28754 | Lair:5   | Learned a level 2 spell: Ensorcelled Hibernation
 28994 | Lair:5   | HP: 4/99 [five-headed hydra (14)]
 28994 | Lair:5   | Slain by a five-headed hydra

Illustrated notes

Levels and vault maps discovered:
D:1:      amcnicky_arrival_gap_in_the_tavern_cellar, layout_loops_cross,
          st_stairs_8
D:2:      layout_loops_corners, nicolae_gozag_seed_capital,
          lemuel_crystal_altar, uniq_natasha
D:3:      layout_loops_cross, general_overflow_altar,
          nemelex_xobeh_ov_fountains_minmay, chequers_ecumenical_altar_island,
          portal_sewer_entry_b, uniq_ijyb, uniq_robin
D:4:      layout_loops_cross, lightli_temple_of_fire,
          grunt_temple_overflow_open, serial_shops, shop, uniq_blork_the_orc
D:5:      layout_basic, lemuel_coloured_pillars_altar
D:6:      layout_loops_cross, kennysheep_little_box, corexii_hall_statues_i,
          mrwooster_statue_mirror, uniq_maggie
D:7:      layout_loops_ring, minmay_temple_entry_offerings, uniq_menkaure,
          uniq_duvessa, uniq_crazy_yiuf_cottage
D:8:      layout_rooms, lemuel_crystal_altar, vehumet_statue
D:9:      layout_big_octagon, nicolae_overflow_crystal_walls,
          grunt_qazlal_clouds, basic_altar, enter_bailey_5
D:10:     kennysheep_seaside_town, layout_basic
Temple:   nicolae_temple_figure_zero
Lair:1:   layout_hall_layers, nicolae_quartered_pool_super
Lair:2:   layout_cave_pods, special_room [special_room_bee], grunt_megastairs_4
Lair:3:   layout_loops_ring, nicolae_spider_entry_orb_guardian,
          fungi_pond_lemuel, nzn_masters_of_martial_movement
Lair:4:   layout_small_grid, swamp_mist, nicolae_lair_yak_garden
Lair:5:   layout_misc_corridors, basic_altar, infiniplex_staircase_pool_2
Lair:6:   minmay_lair_end_frog_pond, layout_loops_ring, slime_dummy

Skill      XL: |  1  2  3  4  5  6  7  8  9 10 11 12 13 14 |
---------------+-------------------------------------------+-----
Stealth        | 2 4 8 |  8.0
Shields        | 1 2 3 4 |  4.0
Fighting       | 2 3 4 5 6 8 10 | 10.0
Unarmed Combat | 4 5 6 7 8 10 11 12 | 12.0
Dodging        | 3 4 6 8 |  8.0
Poison Magic   | 2 5 6 |  6.0
Transmutations | 4 8 9 |  9.9
Spellcasting   | 4 5 6 |  6.0
Evocations     | 4 6 |  6.0
Invocations    | 4 6 8 |  8.0
Ice Magic      | 2 4 6 |  6.0

Action                   |  1- 3 |  4- 6 |  7- 9 | 10-12 | 13-15 || total
-------------------------+-------+-------+-------+-------+-------++-------
Melee: Unarmed           |    65 |   194 |   304 |   917 |   505 ||  1985
       Constrict         |    19 |    40 |    55 |    87 |     1 ||   202
       Kick              |     4 |    20 |    80 |   100 |       ||   204
       Tentacles         |     6 |    22 |    45 |    75 |     1 ||   149
       Punch             |     1 |     4 |    11 |    27 |     1 ||    44
Throw: Stone             |       |     1 |    13 |       |       ||    14
       Boomerang         |       |       |    10 |    10 |       ||    20
 Cast: Beastly Appendage |     4 |    14 |    37 |    35 |       ||    90
       Wereblood         |     1 |    11 |    13 |    30 |    21 ||    76
       Ice Form          |       |       |       |    27 |    28 ||    55
       Spider Form       |       |       |       |    13 |     6 ||    19
       Poisonous Vapours |       |       |       |       |     5 ||     5
       Ignite Poison     |       |       |       |       |     3 ||     3
Invok: Heroism           |       |       |       |     5 |     4 ||     9
 Abil: End Transformatio |       |       |       |       |     1 ||     1
Evoke: Wand              |       |       |     4 |    15 |     3 ||    22
  Use: Scroll            |     2 |     5 |     5 |    12 |     5 ||    29
       Potion            |       |     2 |       |     1 |     3 ||     6
 Stab: Sleeping          |     8 |    10 |    21 |    13 |     1 ||    53
       Paralysed         |       |       |       |     9 |       ||     9
Armor: Skin              |     4 |    28 |    38 |    75 |   114 ||   259
Dodge: Dodged            |    44 |   119 |   145 |   501 |   495 ||  1304
Block: Buckler           |     3 |    41 |    65 |   197 |     5 ||   311
       Reflection        |       |       |       |     5 |       ||     5
       Other             |       |       |       |    48 |       ||    48

Table legend: (Time is in decaauts)
 A = Elapsed time spent in this place.
 B = Non-inter-level travel time spent in this place.
 C = Inter-level travel time spent in this place.
 D = Time resting spent in this place.
 E = Time spent auto-exploring this place.
 F = Levels seen in this place.
 G = Mean time per level.
                   A        B        C        D        E       F      G
               +--------+--------+--------+--------+--------+-----+--------+
         Total |  28678 |  27495 |   1183 |  11030 |  11431 |  19 | 1509.4 |
       Dungeon |  12077 |  11213 |    864 |   2079 |   6793 |  10 | 1207.7 |
        Temple |    146 |    115 |     31 |      0 |    113 |   1 |  146.0 |
          Lair |  14030 |  13742 |    288 |   7670 |   4382 |   6 | 2338.3 |
         Sewer |    790 |    790 |      0 |    453 |     84 |   1 |  790.0 |
        Bailey |   1632 |   1632 |      0 |    827 |     59 |   1 | 1632.0 |
               +--------+--------+--------+--------+--------+-----+--------+

Top non-repeatable levels by time:
  Lair:5: 4607 daAuts
  Lair:2: 2673 daAuts
  Lair:1: 2377 daAuts
  Lair:4: 2170 daAuts
    D:10: 2083 daAuts
  Lair:3: 1643 daAuts
  Bailey: 1632 daAuts
     D:6: 1573 daAuts
     D:2: 1508 daAuts
     D:1: 1255 daAuts
     D:7: 1214 daAuts
     D:4: 964 daAuts
     D:5: 963 daAuts
     D:9: 927 daAuts
     D:3: 843 daAuts
